 Dungeon Crawl Stone Soup version 0.20.1-1-g8b1a95d (webtiles) character file.

817 MajesticThrust the Sneak (level 8, -2/41 HPs)
             Began as a Kobold Conjurer on Sept 30, 2017.
             Killed from afar by an orc wizard (5 damage)
             ... with a magic dart
             ... on level 4 of the Dungeon.
             The game lasted 00:46:03 (6947 turns).

MajesticThrust the Sneak (Kobold Conjurer)          Turns: 6947, Time: 00:46:03

Health: -2/41      AC:  7    Str:  7    XL:     8   Next: 16%
Magic:  0/11       EV: 17    Int: 16    God:
Gold:   108        SH:  0    Dex: 16    Spells: 1/11 levels left

rFire    + . .     SeeInvis .   a - +2 short sword
rCold    . . .     Gourm    .   (shield restricted)
rNeg     . . .     Faith    .   d - +0 leather armour
rPois    .         Spirit   .   (no helmet)
rElec    .         Reflect  .   o - +2 cloak
rCorr    .         Harm     .   m - +0 pair of gloves
MR       .....                  (no boots)
Stlth    +++.......             (no amulet)
Regen    0.2/turn               n - ring of protection from fire
MPRegen  0.2/turn               f - ring of flight

@: very slightly contaminated
A: carnivore 3
a: Evoke Flight


You were on level 4 of the Dungeon.
You were very full.

You visited 1 branch of the dungeon, and saw 5 of its levels.

You collected 188 gold pieces.
You spent 80 gold pieces at shops.

Inventory:

Hand Weapons
 a - a +2 short sword (weapon)
 b - a +0 dagger
Armour
 d - a +0 leather armour (worn)
 m - a +0 pair of gloves (worn)
 o - a +2 cloak (worn)
 s - the cursed -5 helmet "Zuil Ymo" {rF- MR+ Int+10}
   (You took it off Robin on level 3 of the Dungeon)

   It affects your intelligence (+10).
   It makes you vulnerable to fire.
   It affects your resistance to hostile enchantments.
   It has a curse placed upon it.
Jewellery
 f - a ring of flight (right hand)
 n - a ring of protection from fire (left hand)
 v - an uncursed ring of protection from fire
Wands
 u - a wand of iceblast (7/15)
Scrolls
 r - 2 scrolls of teleportation
 t - a scroll of remove curse
 w - a scroll of identify
 y - a scroll of noise {unknown}
 B - a scroll of fear {unknown}
Potions
 e - a potion of curing {unknown}
 g - 2 potions of lignification {unknown}
 h - 2 potions of magic {unknown}
 i - a potion of haste {unknown}
 j - a potion of brilliance {unknown}
 l - a potion of might
 p - 2 potions of flight
 x - a potion of heal wounds {unknown}
 A - a potion of resistance {unknown}
Books
 q - a book of Conjurations

   Spells                             Type                      Level
   a - Magic Dart                     Conjuration                  1
   b - Searing Ray                    Conjuration                  2
   c - Dazzling Spray                 Conjuration/Hexes            3
   d - Fulminant Prism                Conjuration/Hexes            4
   e - Force Lance                    Conjuration/Translocation    4
   f - Iskenderun's Mystic Blast      Conjuration                  4
Comestibles
 c - 2 meat rations
 k - a royal jelly


   Skills:
 + Level 5.2 Short Blades
 + Level 5.0 Dodging
 - Level 6.1 Stealth
 - Level 2.1 Spellcasting
 * Level 6.0 Conjurations
 - Level 2.4 Hexes


You had one spell level left.
You knew the following spells:

 Your Spells              Type           Power        Failure   Level  Hunger
a - Magic Dart            Conj           ###.         2%          1    #......
b - Searing Ray           Conj           ###...       4%          2    ###....
c - Dazzling Spray        Conj/Hex       ###...       16%         3    ###....
d - Iskenderun's Mystic   Conj           ###.....     26%         4    #####..


Dungeon Overview and Level Annotations

Branches:
Dungeon (5/15)
 Temple: D:4-7

Altars:
Yredelemnul

Shops:
D:5 *

Annotations:
D:2 1 runed door
D:4 Menkaure


Innate Abilities, Weirdness & Mutations

You are small and have problems with some larger weapons.
You are carnivorous and can eat meat at any time.


Message History

The orc warrior hits you with a flail.
* * * LOW HITPOINT WARNING * * *
Casting: Dazzling Spray
Confirm with . or Enter, or press ? or * to list all spells.
Aiming: Dazzling Spray
Press: ? - help, Shift-Dir - straight line, f/p - orc wizard
Aim: an orc wizard, wielding a dagger and wearing a robe (heavily wounded, fast)
You miscast Dazzling Spray.
You are momentarily dazzled by a flash of light!
The orc wizard is no longer moving quickly.
The orc warrior hits you with a flail!
* * * LOW HITPOINT WARNING * * *
Unknown command.
Unknown command.
Okay, then.
The orc wizard gestures wildly while chanting.
The orc wizard blinks!
The orc wizard gestures at you while chanting.
The magic dart hits you!
You die...

#.# #............# #o#
#...^........# #o#
#.........#... #o#
#.........##.. #.#
#............. #.#
#..........##. #######o##
#.........###. #........#
#.......#####.
#...<...@####.....###....
#......o(.........###....
#........###.............
#........# #.......##....
########## #.......##....
##.....###.... ##...##
#.... ##### #####


You could see an orc warrior, an orc wizard and 3 orcs.

Vanquished Creatures
  The ghost of Tutankhamun the Chiller, a novice MfIE (D:4)
  A phantom (D:5)
  A crimson imp (D:5)
  A human zombie (D:2)
  3 worker ants
  Ijyb (D:3)
  2 iguanas (D:4)
  Natasha (D:2)
  A killer bee zombie (D:5)
  A hound skeleton (D:5)
  Robin (D:3)
  6 adders
  A shadow imp (D:5)
  2 oozes
  5 worms
  2 dart slugs
  2 leopard geckos
  5 orcs
  12 giant cockroaches
  17 goblins
  10 hobgoblins
  9 jackals
  2 quokkas
  2 ball pythons (D:5)
  6 bats
  3 frilled lizards
  A jackal zombie (D:5)
  7 kobolds
  A kobold zombie (D:2)
  A leopard gecko skeleton (D:4)
  7 rats
115 creatures vanquished.

Notes
Turn   | Place    | Note
-------+----------+-------------------------------------------
     0 | D:1      | MajesticThrust the Kobold Conjurer began the quest for the Orb.
     0 | D:1      | Reached XP level 1. HP: 10/10 MP: 3/3
   182 | D:1      | Reached XP level 2. HP: 12/15 MP: 0/5
  1189 | D:1      | Reached skill level 1 in Short Blades
  1189 | D:1      | Reached XP level 3. HP: 19/19 MP: 4/6
  1235 | D:1      | Learned a level 2 spell: Searing Ray
  1239 | D:1      | Learned a level 3 spell: Dazzling Spray
  1457 | D:2      | Noticed Natasha
  1677 | D:2      | Reached XP level 4. HP: 24/24 MP: 5/7
  2859 | D:3      | Noticed Robin
  2874 | D:3      | Reached XP level 5. HP: 25/28 MP: 1/8
  3098 | D:2      | Found a runed door.
  3098 | D:2      | Noticed a human
  3386 | D:2      | Found a basalt altar of Yredelemnul.
  3704 | D:2      | Killed Natasha
  3704 | D:2      | Reached skill level 5 in Conjurations
  3704 | D:2      | Reached XP level 6. HP: 32/32 MP: 9/9
  4392 | D:4      | Noticed Tutankhamun's ghost (novice MfIE)
  4408 | D:4      | Noticed an orc warrior
  4523 | D:5      | Entered Level 5 of the Dungeon
  4710 | D:5      | Reached skill level 5 in Stealth
  4825 | D:5      | Reached XP level 7. HP: 36/36 MP: 5/10
  4936 | D:5      | Found Zozeunn's Assorted Antiques.
  4956 | D:5      | Bought a scroll labeled PORRUT ICLA for 20 gold pieces
  4956 | D:5      | Bought a scroll labeled EJETAWA MOTE for 20 gold pieces
  4956 | D:5      | Bought a scroll labeled QEDWAZ HAPE for 20 gold pieces
  4956 | D:5      | Bought a scroll labeled PORRUT ICLA for 20 gold pieces
  5640 | D:3      | Killed Robin
  5649 | D:3      | Got a heavily runed helmet
  5666 | D:3      | Noticed Ijyb
  5703 | D:3      | Killed Ijyb
  5763 | D:3      | Identified the cursed -5 helmet "Zuil Ymo" {rF- MR+ Int+10} (You took it off Robin on level 3 of the Dungeon)
  5909 | D:4      | Learned a level 4 spell: Iskenderun's Mystic Blast
  5979 | D:4      | Killed Tutankhamun's ghost
  5979 | D:4      | Reached skill level 5 in Short Blades
  5979 | D:4      | Reached XP level 8. HP: 6/41 MP: 0/11
  6408 | D:4      | Noticed Menkaure
  6909 | D:4      | Reached skill level 5 in Dodging
  6943 | D:4      | HP: 2/41 [orc warrior/flail (10)]
  6947 | D:4      | Killed from afar by an orc wizard

Skill      XL: |  1  2  3  4  5  6  7  8 |
---------------+-------------------------+-----
Stealth        | 3 4 5 6 |  6.1
Short Blades   | 1 2 3 4 5 |  5.2
Dodging        | 3 4 5 |  5.0
Conjurations   | 5 6 |  6.0
Hexes          | 2 |  2.4
Spellcasting   | |  2.1

Action                   |  1- 3 |  4- 6 |  7- 9 || total
-------------------------+-------+-------+-------++-------
Melee: Short sword       |    26 |   112 |    87 ||   225
       Dagger            |       |     6 |    14 ||    20
 Cast: Magic Dart        |    44 |    75 |    36 ||   155
       Searing Ray       |       |     7 |     5 ||    12
       Dazzling Spray    |       |     1 |     5 ||     6
  Use: Scroll            |     5 |     3 |     5 ||    13
       Potion            |       |       |     2 ||     2
 Stab: Sleeping          |     5 |    12 |     3 ||    20
       Distracted        |       |     1 |       ||     1
       Invisible         |       |       |     1 ||     1
  Eat: Chunk             |    11 |    11 |     8 ||    30
Armor: Leather armour    |     7 |    28 |    20 ||    55
Dodge: Dodged            |    18 |    71 |    69 ||   158
